 Dungeon Crawl Stone Soup version 0.30-a0-605-gb2882149bf (webtiles) character file.

Game seed: 12942618333571332429

2720 flotson the Trooper (level 9, -2/61 HPs)
             Began as a Demonspawn Delver on Jan 8, 2023.
             Was a Believer of Hepliaklqana.
             Constricted to death by a starspawn tentacle (3 damage)
             ... attached to a tentacled starspawn
             ... on level 1 of the Abyss.
             The game lasted 00:11:47 (5642 turns).

flotson the Trooper (Demonspawn Delver)             Turns: 5642, Time: 00:11:47

Health: -2/61      AC: 24    Str: 19    XL:     9   Next: 39%
Magic:  12/13      EV:  6    Int: 11    God:    Hepliaklqana [**....]
Gold:   408        SH:  0    Dex: 14    Spells: 8/8 levels left

rFire   + + +      SeeInvis .    f - +1 flail (drain)
rCold   . . .      Faith    .    A - orb {mayhem}
rNeg    . . .      Spirit   .    I - +5 chain mail "Irutuxti" {Rampage rF+++ Will+ Str-5}
rPois   .          Reflect  .    l - +1 helmet
rElec   .          Harm     .    p - +0 cloak
rCorr   .          Rampage  +    a - +0 pair of gloves
Will    +....                    (no boots) Stlth
                                 (no amulet)
HPRegen 0.30/turn                w - +4 ring of protection
MPRegen 0.13/turn                B - +6 ring of strength

@: constricted
A: reduced essence, foul stench 1, sharp scales 1
a: Renounce Religion, Recall Ancestor, Ancestor Identity


You were on level 1 of the Abyss.
You worshipped Hepliaklqana.
Hepliaklqana was pleased with you.
You visited 2 branches of the dungeon, and saw 8 of its levels.
You visited the Abyss 1 time.

You collected 408 gold pieces.

Inventory:

Hand Weapons
 f - a +1 flail of draining (weapon)
Missiles
 k - 4 throwing nets (quivered)
 z - 3 atropa-tipped darts
 F - 5 boomerangs
 H - 5 javelins
Armour
 a - a +0 pair of gloves (worn)
 i - a +0 buckler
 l - a +1 helmet (worn)
 p - a +0 cloak (worn)
 A - an orb of mayhem (worn)
 E - +0 ice dragon scales
 I - the +5 chain mail "Irutuxti" (worn) {Rampage rF+++ Will+ Str-5}
   (You found it on level 6 of the Dungeon)

   Str:       It affects your strength (-5).
   rF:        It renders you almost immune to fire.
   Rampage:   It bestows one free step when moving towards enemies.
   Will:      It increases your willpower.
Jewellery
 h - a ring of willpower
 w - a +4 ring of protection (left hand)
 B - a +6 ring of strength (right hand)
Wands
 g - a wand of digging (2)
Scrolls
 c - 2 scrolls of fog
 d - 11 scrolls of identify {unknown}
 e - a scroll of fear
 n - 2 scrolls of magic mapping
 q - 3 scrolls of immolation {unknown}
 r - 2 scrolls of enchant armour {unknown}
 v - 5 scrolls of teleportation {unknown}
 y - 2 scrolls of poison {unknown}
 C - a scroll of amnesia {unknown}
 J - a scroll of vulnerability {unknown}
Potions
 b - 5 potions of heal wounds
 j - a potion of berserk rage {unknown}
 m - a potion of mutation {unknown}
 o - 5 potions of curing {unknown}
 s - 3 potions of might {unknown}
 t - 2 potions of resistance {unknown}
 u - 2 potions of degeneration {unknown}
 x - 2 potions of lignification {unknown}
 D - 2 potions of brilliance {unknown}
 G - a potion of invisibility {unknown}


   Skills:
 + Level 5.4 Fighting
 + Level 3.9 Axes
 + Level 3.5 Throwing
 + Level 4.1 Armour
 + Level 4.6 Dodging
 - Level 5.0 Stealth
 + Level 4.0 Shields
 + Level 5.3 Invocations
 + Level 4.6 Evocations


You had 8 spell levels left.
You didn't know any spells.
Your spell library contained the following spells:

 Spells                   Type           Power      Damage    Failure   Level
 Apportation              Tloc           0%         N/A       98%         1
 Kiss of Death            Conj/Necr      0%         2d5       98%         1
 Magic Dart               Conj           0%         1d3       98%         1
 Necrotise                Necr           0%         1d4       98%         1
 Summon Small Mammal      Summ           0%         N/A       98%         1
 Searing Ray              Conj           0%         2d4       99%         2
 Confusing Touch          Hex            0%         N/A       100%        3
 Inner Flame              Hex/Fire       0%         N/A       100%        3
 Dispel Undead            Necr           0%         3d6       100%        4
 Flame Wave               Conj/Fire      0%         2d4       100%        4
 Fulminant Prism          Conj/Hex       0%         3d5       100%        4
 Sticky Flame             Conj/Fire      0%         2d3       100%        4
 Chain Lightning          Conj/Air       0%         N/A       100%        9
 Fire Storm               Conj/Fire      0%         5d1       100%        9
 Shatter                  Erth           0%         3d5*      100%        9


Dungeon Overview and Level Annotations

Branches:
Dungeon (7/15)             Temple (1/1) D:4

Altars:
Cheibriados
Dithmenos
Fedhas
Gozag
Hepliaklqana
Kikubaaqudgha
Makhleb
Okawaru
Qazlal
Sif Muna

Shops:
D:2 [


Innate Abilities, Weirdness & Mutations

Your life essence is reduced to manifest your ancestor. (-10% HP)
You may rarely emit foul miasma when damaged in melee.
You are partially covered in razor-sharp scales. (AC +1, Slay +1)


Message History

The starcursed mass shrieks in your mind.
A chaos spawn comes into view.
The chaos spawn bellows!
Tlalli casts a spell at the starcursed mass.
The stone arrow hits the starcursed mass!
A tentacled starspawn comes into view.
A starcursed mass splits.
Tlalli hits the starcursed mass with a +0 quarterstaff!!
The starcursed mass shudders and is absorbed by its neighbour.
A large abomination comes into view.
Tentacles burst from the starspawn's body! 2 starspawn tentacles come into view.
You sock the starspawn tentacle!
The starspawn tentacle is moderately damaged.
The starspawn tentacle grabs you. The starspawn tentacle constricts you.
The tentacled starspawn bites you but does no damage.
The tentacled starspawn tentacle-slaps you but does no damage.
A starcursed mass splits.
You hit the starspawn tentacle.
The starspawn tentacle is heavily damaged.
Tlalli gestures at the starspawn tentacle while chanting.
The puff of frost hits the starspawn tentacle.
The starspawn tentacle constricts you. The tentacled starspawn bites you!
The tentacled starspawn tentacle-slaps you but does no damage.
A chorus of shrieks assaults your mind.
* * * LOW HITPOINT WARNING * * *
A starcursed mass splits.
The starspawn tentacle's grasp on you weakens, but your attempt to escape fails.
A starcursed mass splits.
The starspawn tentacle constricts you.
A ynoxinul comes into view.
The tentacled starspawn bites you!!
* * * LOW HITPOINT WARNING * * *
The tentacled starspawn tentacle-slaps you but does no damage.
Unknown command.
You completely miss the tentacled starspawn.
The starspawn tentacle loses its grip on you.
The tentacled starspawn is lightly damaged.
The ynoxinul bellows!
The starspawn tentacle grabs you. The starspawn tentacle constricts you.
You die...

.# # .# # #3
.##. . .#
..#X.#. # ...#..
.##.#.#..#
...... #w##
#..#.#@X#
#.....w#....# ##
#..##R##.#.#.#
#..# ##.#...# #
.#.#...#X.....#
......#X#.#..#.#
..X###...... ..
.##... #...>##
..## ..#..#.#...


You could see the friendly Tlalli the battlemage, 3 starcursed masses, a
tentacled starspawn, a large abomination, a ynoxinul and 2 starspawn tentacles.

Vanquished Creatures
  Grinder (D:5)
  Menkaure (D:4)
  Edmund (D:4)
  A water moccasin (D:6)
  2 ice beasts (D:6)
  3 ogres
  A black bear (D:4)
  The ghost of bande the Shield-Bearer, an amateur GrFi (D:3)
  A bullfrog (D:6)
  A necrophage (D:5)
  A wight (D:7)
  A gnoll bouda (D:5)
  An orc priest (D:3)
  2 iguanas (D:6)
  Robin (D:4)
  8 adders
  3 gnolls (D:5)
  2 worms (D:2)
  6 dart slugs
  9 orcs
  4 endoplasms
  A giant cockroach (D:1)
  12 goblins
  12 hobgoblins
  5 jackals
  4 kobolds
  6 quokkas
  4 ball pythons
  7 bats
  A frilled lizard (D:2)
  4 rats
107 creatures vanquished.

Vanquished Creatures (collateral kills)
  An ancient zyme (Abyss:1)
  A large abomination (Abyss:1)
  A water moccasin (D:6)
  An ice beast (D:5)
  A centaur (D:7)
  2 wights (D:7)
  A hound (D:6)
  A jelly (D:7)
  4 iguanas
  A battlemage (D:5)
  4 gnolls (D:5)
  2 white imps
  2 orcs (D:3)
  2 hobgoblins (D:4)
  A jackal (D:3)
  A frilled lizard (D:3)
26 creatures vanquished.

Grand Total: 133 creatures vanquished

Notes
Turn   | Place    | Note
-------+----------+-------------------------------------------
     0 | D:5      | flotson the Demonspawn Delver began the quest for the Orb.
     0 | D:5      | Reached XP level 1. HP: 18/18 MP: 1/1
     2 | D:5      | Found an iron altar of Okawaru.
   182 | D:5      | Gained mutation: You may rarely emit foul miasma when
                  | damaged in melee. [demonic ancestry]
   182 | D:5      | Reached XP level 2. HP: 11/21 MP: 2/2
   362 | D:5      | Noticed a necrophage
   377 | D:5      | Found a burning altar of Makhleb.
   396 | D:5      | Killed a necrophage
   397 | D:5      | Reached skill level 1 in Armour
   397 | D:5      | Reached skill level 1 in Shields
   397 | D:5      | Reached skill level 1 in Evocations
   397 | D:5      | Gained mutation: You are partially covered in razor-sharp
                  | scales. (AC +1, Slay +1) [demonic ancestry]
   397 | D:5      | Reached XP level 3. HP: 4/29 MP: 3/3
   397 | D:5      | Reached XP level 4. HP: 5/35 MP: 4/4
   600 | D:4      | Noticed Robin
   609 | D:4      | Killed Robin
   612 | D:4      | Reached skill level 5 in Stealth
   613 | D:4      | Noticed a black bear
   625 | D:4      | Killed a black bear
   626 | D:4      | Reached XP level 5. HP: 23/42 MP: 5/5
   747 | D:4      | Found a staircase to the Ecumenical Temple.
   768 | Temple   | Entered the Ecumenical Temple
   807 | Temple   | Became a worshipper of Hepliaklqana the Forgotten
  1850 | D:2      | Reached XP level 6. HP: 27/48 MP: 6/6
  2010 | D:2      | Reached skill level 1 in Invocations
  2102 | D:2      | Found Cute's Antique Armour Shop.
  2245 | D:2      | Reached * piety under Hepliaklqana
  2788 | D:3      | Found a runed translucent door.
  2801 | D:3      | Noticed bande's ghost (amateur GrFi)
  2852 | D:3      | Killed bande's ghost
  2853 | D:3      | Reached skill level 1 in Throwing
  3538 | D:4      | Noticed Menkaure
  3544 | D:4      | Killed Menkaure
  3545 | D:4      | Reached XP level 7. HP: 18/48 MP: 8/8
  3676 | D:4      | Noticed Edmund
  3686 | D:4      | Killed Edmund
  3915 | D:5      | Reached ** piety under Hepliaklqana
  3916 | D:5      | Remembered your ancestor Tlalli as a battlemage
  4174 | D:5      | Reached XP level 8. HP: 54/54 MP: 10/10
  4177 | D:5      | Noticed Grinder
  4187 | D:5      | Paralysed by Grinder for 2 turns
  4202 | D:5      | Killed Grinder
  4739 | D:6      | Reached skill level 5 in Fighting
  4851 | D:6      | Identified the +5 chain mail "Irutuxti" {Rampage rF+++
                  | Will+ Str-5}
  5166 | D:6      | Reached XP level 9. HP: 61/61 MP: 12/12
  5489 | D:7      | Reached skill level 5 in Invocations
  5496 | Abyss:1  | Cast into level 1 of the Abyss (orc wizard)
  5547 | Abyss:1  | Noticed an ancient zyme
  5550 | Abyss:1  | Noticed a large abomination
  5572 | Abyss:1  | Found a corrupted altar of Lugonu.
  5572 | Abyss:1  | Found a corrupted altar of Lugonu.
  5572 | Abyss:1  | Found a corrupted altar of Lugonu.
  5579 | Abyss:1  | Killed a large abomination
  5592 | Abyss:1  | Killed an ancient zyme
  5598 | Abyss:1  | Found a corrupted altar of Lugonu.
  5616 | Abyss:1  | Noticed a shining eye
  5631 | Abyss:1  | Noticed a starcursed mass
  5637 | Abyss:1  | Noticed a tentacled starspawn
  5641 | Abyss:1  | HP: 1/61 [tentacled starspawn (18)]
  5642 | Abyss:1  | Constricted to death by a starspawn tentacle

Illustrated notes

Levels and vault maps discovered:
D:1:      amcnicky_arrival_abandoned_market, layout_loops_ring,
          minmay_tetromino_t4
D:2:      minmay_general_purpose_star, layout_loops_ring, serial_shops,
          shop_fountains
D:3:      layout_basic, ebering_ghost_reflecting_pool, serial_bayou_pond_a,
          minmay_circle_x
D:4:      layout_loops_ring, minmay_temple_entry_glassed_door, uniq_robin,
          uniq_edmund, uniq_menkaure
D:5:      layout_gridville, mainiacjoe_overflow_alcove_2,
          nicolae_overflow_hidden_temple, uniq_grinder
D:6:      layout_gridville, hex_large, grunt_ministairs_9
D:7:      nicolae_whirlpool, layout_basic
Temple:   compressed_dpeg_circular_temple
Abyss:1:  base:
Temple

Skill      XL: |  1  2  3  4  5  6  7  8  9 |
---------------+----------------------------+-----
Dodging        | 2 3 4 |  4.6
Axes           | 2 3 |  3.9
Armour         | 1 2 3 4 |  4.1
Shields        | 1 2 3 4 |  4.0
Evocations     | 1 2 3 4 |  4.6
Stealth        | 5 |  5.0
Invocations    | 2 3 4 5 |  5.3
Throwing       | 1 2 3 |  3.5
Fighting       | 4 5 |  5.4

Action                   |  1- 3 |  4- 6 |  7- 9 || total
-------------------------+-------+-------+-------++-------
Melee: Hand axe          |    15 |       |       ||    15
       Flail             |    19 |   226 |    83 ||   328
Invok: Ancestor Life: Ba |       |       |     1 ||     1
       Recall Ancestor   |       |       |     3 ||     3
Evoke: Wand              |     1 |       |       ||     1
  Use: Potion            |     1 |       |       ||     1
       Scroll            |     1 |     1 |       ||     2
 Stab: Distracted        |       |     1 |       ||     1
       Sleeping          |       |     4 |       ||     4
Armor: Scale mail        |    19 |   102 |       ||   121
       Ice dragon scales |       |     8 |    41 ||    49
       Chain mail        |       |       |    47 ||    47
Dodge: Dodged            |    14 |   122 |    77 ||   213
Block: Buckler           |     2 |    42 |       ||    44

Table legend: (Time is in decaauts)
 A = Elapsed time spent in this place.
 B = Non-inter-level travel time spent in this place.
 C = Inter-level travel time spent in this place.
 D = Time resting spent in this place.
 E = Time spent auto-exploring this place.
 F = Levels seen in this place.
 G = Mean time per level.
                   A        B        C        D        E       F      G
               +--------+--------+--------+--------+--------+-----+--------+
         Total |   5752 |   5566 |    186 |    180 |   4062 |   9 |  639.1 |
       Dungeon |   5531 |   5366 |    165 |    180 |   3974 |   7 |  790.1 |
        Temple |     72 |     51 |     21 |      0 |     39 |   1 |   72.0 |
         Abyss |    147 |    147 |      0 |      0 |     49 |   1 |  147.0 |
               +--------+--------+--------+--------+--------+-----+--------+

Top non-repeatable levels by time:
     D:5: 1159 daAuts
     D:2: 1031 daAuts
     D:3: 800 daAuts
     D:4: 796 daAuts
     D:6: 789 daAuts
     D:1: 709 daAuts
     D:7: 244 daAuts
 Abyss:1: 147 daAuts
  Temple: 72 daAuts
